 Dungeon Crawl Stone Soup version 0.21.1-1-g345015f (webtiles) character file.

11 kae the Scratcher (level 2, -1/12 HPs)
             Began as a Felid Transmuter on June 3, 2018.
             Slain by a hobgoblin (4 damage)
             ... on level 1 of the Dungeon.
             The game lasted 00:00:31 (560 turns).

kae the Scratcher (Felid Transmuter)                 Turns: 560, Time: 00:00:31

Health: -1/12      AC:  1    Str:  6    XL:     2   Next: 13%
Magic:  5/6        EV: 18    Int: 14    God:
Gold:   67         SH:  0    Dex: 16    Spells: 4/5 levels left
                                        Lives:  0   Deaths: 0

rFire    . . .     SeeInvis +     - Unarmed
rCold    . . .     Gourm    .   (shield unavailable)
rNeg     . . .     Faith    .   (armour unavailable)
rPois    .         Spirit   .   (helmet unavailable)
rElec    .         Reflect  .   (cloak unavailable)
rCorr    .         Harm     .   (gloves unavailable)
MR       .....                  (boots unavailable)
Stlth    ++........             (no amulet)
HPRegen  0.04/turn              (no ring)
MPRegen  0.10/turn              (no ring)

@: appendage, quick
A: very small, no armour, no weapons or thrown items, stealth, claws 1, fangs 3,
horns 2, see invisible, carnivore, speed 1, shaggy fur 1, slow metabolism 1,
sharp paws
a: End Transformation


You were on level 1 of the Dungeon.
You were not hungry.
You had grown temporary horns.
You visited 1 branch of the dungeon, and saw 1 of its levels.

You collected 67 gold pieces.

Inventory:

Missiles
 a - 12 arrows
Scrolls
 f - a scroll of teleportation {unknown}
 g - a scroll of identify {unknown}
Potions
 d - 2 potions of curing {unknown}
 e - 2 potions of berserk rage {unknown}
Books
 b - a book of Changes

   Spells                             Type                      Level
   a - Beastly Appendage              Transmutation                1
   b - Sticks to Snakes               Transmutation                2
   c - Spider Form                    Transmutation/Poison         3
   d - Ice Form                       Ice/Transmutation            4
   e - Blade Hands                    Transmutation                5
Comestibles
 c - 2 rations


   Skills:
 + Level 1.1 Fighting
 + Level 2.9 Dodging
 + Level 0.6 Stealth
 * Level 3.1 Unarmed Combat
 + Level 2.0 Spellcasting
 * Level 2.5 Transmutations


You had 4 spell levels left.
You knew the following spells:

 Your Spells              Type           Power        Failure   Level  Hunger
a - Beastly Appendage     Tmut           #.....       9%          1    ##.....


Dungeon Overview and Level Annotations

Branches:
Dungeon (1/15)

Altars:


Innate Abilities, Weirdness & Mutations

You cannot wear armour.
You are incapable of wielding weapons or throwing items.
Your paws allow you to move quietly. (Stealth)
You have sharp claws.
You have razor-sharp teeth.
You have supernaturally acute eyesight. (SInv)
You are carnivorous and can eat meat at any time.
You cover ground quickly.
You are covered in fur. (AC +1)
You have a slow metabolism.
Your sharp claws are effective at attacking unaware monsters.
You have a pair of horns on your head.


Message History

The hobgoblin completely misses you.
You scratch the hobgoblin but do no damage.
The hobgoblin is moderately wounded.
The hobgoblin barely misses you.
You barely miss the hobgoblin.
The hobgoblin is moderately wounded.
The hobgoblin closely misses you.
Your transformation is almost over.
Your horns disappear.
You enter a teleport trap!
The teleport trap disappears.
Your surroundings suddenly seem different.
You start resting.
Casting: Beastly Appendage
Confirm with . or Enter, or press ? or * to list all spells.
You grow a pair of large bovine horns.
The hobgoblin shouts!
The hobgoblin hits you.
* * * LOW HITPOINT WARNING * * *
You barely miss the hobgoblin. The hobgoblin hits you.
You die...

# ######### #.# #
#.......#
##.######
#.......#
#.......#
###.......#
#..####.#
g.........#
#.[####.#
###.......#
#....##.#
#.......#
##.#.##.#
#.......# #.#.##.#
###########
#..@...# g.......#
###g####
..####..##### #.#
.....#..#..(####.#
..##.............#
..####..#...######
........#####
..####### .##


You could see a hobgoblin.

Vanquished Creatures
  A leopard gecko (D:1)
  2 goblins (D:1)
  2 hobgoblins (D:1)
  A frilled lizard (D:1)
  2 kobolds (D:1)
  A rat (D:1)
9 creatures vanquished.

Vanquished Creatures (others)
  A minotaur (D:1)
  A vine stalker (D:1)
  A formicid (D:1)
  A spriggan (D:1)
  2 humans (D:1)
  A naga (D:1)
  A dwarf (D:1)
  An ogre (D:1)
  A centaur (D:1)
  A mummy (D:1)
  A kobold (D:1)
  5 tentacles (D:1)
17 creatures vanquished.

Grand Total: 26 creatures vanquished

Notes
Turn   | Place    | Note
-------+----------+-------------------------------------------
     0 | D:1      | kae the Felid Transmuter began the quest for the Orb.
     0 | D:1      | Reached XP level 1. HP: 9/9 MP: 4/4
     0 | D:1      | Noticed a naga
     0 | D:1      | Noticed a vine stalker
     0 | D:1      | Noticed a minotaur
     0 | D:1      | Noticed a human
     0 | D:1      | Noticed a spriggan
     0 | D:1      | Noticed a human
     0 | D:1      | Noticed a kraken
     0 | D:1      | Noticed a centaur
     0 | D:1      | Noticed a formicid
     0 | D:1      | Noticed a dwarf
     0 | D:1      | Noticed an ogre
     4 | D:1      | Killed a spriggan
     7 | D:1      | Killed a vine stalker
     8 | D:1      | Killed a naga
    10 | D:1      | Killed a human
    11 | D:1      | Killed a centaur
    12 | D:1      | Killed a dwarf
    12 | D:1      | Killed a human
    14 | D:1      | Killed a formicid
    16 | D:1      | Killed a minotaur
    16 | D:1      | Killed an ogre
   358 | D:1      | Reached XP level 2. HP: 11/12 MP: 4/6
   560 | D:1      | Slain by a hobgoblin

Action                   || total
-------------------------++-------
Melee: Unarmed           ||    38
       Bite              ||     2
       Headbutt          ||     1
 Cast: Beastly Appendage ||     7
 Stab: Sleeping          ||     1
Dodge: Dodged            ||    28
